[Event "42nd Olympiad Baku 2016 Women"]
[Site "Baku"]
[Date "2016.09.02"]
[Round "1.26"]
[White "Saira Rafique"]
[Black "Wafa, Shrook"]
[Result "0-1"]
[ECO "B70"]
[WhiteElo "1104"]
[BlackElo "2106"]
[PlyCount "92"]
[EventDate "2016.??.??"]
[EventCountry "AZE"]
[WhiteTeam "Pakistan"]
[BlackTeam "Ägypten"]
[WhiteTeamCountry "PAK"]
[BlackTeamCountry "EGY"]
[TimeControl "40/5400+30:1800+30"]
[WhiteClock "0:28:55"]
[BlackClock "1:07:47"]

1. e4 {(00:00} c5 {(00:00} 2. Nf3 {(00:08} d6 {(
00:00} 3. d4 {(01:30} cxd4 {(00:05} 4. Nxd4 Nf6 5. Nc3 {
(01:41} g6 {(00:46} 6. Bb5+ {(03:25} Nbd7 {(00:
15} 7. O-O {(01:14} Bg7 {(00:16} 8. Bg5 {(04:25} O-O {
(01:02} 9. Qd2 {(01:55} a6 {(01:15} 10. Bc4 {(
03:07} b5 {(03:08} 11. Bd5 {(03:00} Nxd5 {(04:26} 12.
Nxd5 {(01:58} Nf6 {(01:59} 13. Rfe1 {(08:34} Bb7 {
(01:22} 14. Nxf6+ {(07:07} exf6 {(00:18} 15. Bh6 {
(03:33} Re8 {(03:23} 16. f3 {(04:27} Bxh6 {(00:
28} 17. Qxh6 d5 18. exd5 {(04:46} Qxd5 {(00:50} 19. c3 {
(02:16} Rxe1+ {(02:03} 20. Rxe1 {(02:45} b4 {(
03:31} 21. Nb3 {(04:51} bxc3 {(04:32} 22. bxc3 {(00:37]
} Rc8 {(02:49} 23. Qe3 {(03:09} a5 {(05:31} 24. Qd4 Kg7
{(19:04} 25. Ra1 {(15:13} Qg5 {(02:21} 26. Nd2 {
(01:39} h5 {(01:23} 27. Ne4 {(01:34} Bxe4 {(00:
19} 28. fxe4 {(01:07} h4 {(02:12} 29. h3 {(05:26} Qg3
{(01:54} 30. c4 {(02:49} g5 {(00:50} 31. Rf1 {(
00:51} Rc6 {(00:22} 32. Rf3 {(02:46} Qe1+ {(01:29} 33.
Rf1 {(00:13} Qe2 {(02:16} 34. Rf2 {(00:45} Qxc4 {
(00:37} 35. Qd5 {(02:34} Qc1+ {(00:20} 36. Rf1 {
(01:03} Qe3+ {(00:06} 37. Kh2 {(01:49} Qg3+ {(
00:05} 38. Kg1 {(00:16} Rc2 {(00:07} 39. e5 {(02:16}
Qxe5 {(00:46} 40. Qb3 {(02:01} Qe2 {(01:24} 41. Qd5 {
(31:46} Rxa2 {(30:26} 42. Qf3 {(00:00} Qxf3 {(
00:00} 43. Rxf3 {(00:00} a4 {(00:00} 44. Rf1 {(00:00}
a3 {(00:00} 45. Kh1 {(00:00} Rb2 {(00:00} 46. Kg1 {
(00:00} a2 0-1

[Event "42nd Olympiad Baku 2016 Women"]
[Site "Baku"]
[Date "2016.09.02"]
[Round "1.11"]
[White "Sakai, Azumi"]
[Black "Fataliyeva, Ulviyya"]
[Result "0-1"]
[ECO "E10"]
[WhiteElo "1703"]
[BlackElo "2234"]
[PlyCount "98"]
[EventDate "2016.??.??"]
[EventCountry "AZE"]
[WhiteTeam "Japan"]
[BlackTeam "Aserbeidschan"]
[WhiteTeamCountry "JPN"]
[BlackTeamCountry "AZE"]
[TimeControl "40/5400+30:1800+30"]
[WhiteClock "0:14:19"]
[BlackClock "0:34:15"]

1. d4 {(00:00} e6 {(00:00} 2. c4 {(00:00} Nf6 {(
00:00} 3. Nf3 {(00:10} d5 {(00:00} 4. e3 {(00:36} c5 {
(01:13} 5. dxc5 {(00:16} Bxc5 {(00:56} 6. a3 {(
00:13} O-O {(01:41} 7. b4 {(01:07} Be7 {(00:22} 8. Bb2
{(01:46} a5 {(11:58} 9. b5 {(05:49} Nbd7 {(01:
36} 10. Be2 {(01:52} Nb6 {(02:27} 11. Nbd2 {(03:51}
Bd7 {(03:33} 12. cxd5 {(08:22} exd5 {(00:18} 13. O-O {
(00:43} a4 {(03:06} 14. Nd4 {(05:16} Rc8 {(20:
29} 15. Rc1 {(07:48} Bc5 {(02:23} 16. N2f3 {(10:01}
Qe7 {(02:06} 17. Ra1 {(08:47} Ne4 {(04:10} 18. Nd2 {
(06:35} f5 {(05:09} 19. g3 {(05:47} Rf6 {(10:03]
} 20. N4f3 {(01:34} Re6 {(02:39} 21. Bd4 {(01:23} Bxa3
{(14:44} 22. Bxb6 {(02:00} Nc3 {(00:41} 23. Qe1 {
(02:25} Rxb6 {(00:46} 24. Nd4 {(03:41} Bb2 {(00:
35} 25. Bd3 {(01:54} Bxa1 {(05:30} 26. Qxa1 {(00:24}
Ne4 {(00:24} 27. N2f3 {(03:35} a3 {(01:07} 28. Nh4 {
(00:25} Rf6 {(01:02} 29. Bb1 {(02:02} Qb4 {(02:
06} 30. Ba2 {(00:37} Nc3 {(00:43} 31. Ng2 {(03:11} Qb2
{(00:37} 32. Bb3 {(01:34} Bxb5 {(02:28} 33. Nxb5 {
(01:24} Qxb3 {(00:13} 34. Nxc3 {(01:55} Rxc3 {(
00:27} 35. Rb1 {(00:27} Qc4 {(00:44} 36. Nf4 {(00:28}
a2 {(00:47} 37. Rd1 {(00:38} Rc6 {(00:37} 38. Nxd5 {
(01:05} Qxd5 {(00:20} 39. Rxd5 {(01:23} Rc1+ {(
00:04} 40. Rd1 {(00:00} Rxa1 {(00:00} 41. Rxa1 {(00:52]
} Rc2 {(00:04} 42. Kg2 {(01:37} b5 {(00:12} 43. Rd1 {
(12:11} b4 {(00:35} 44. Rd8+ {(01:48} Kf7 {(00:
05} 45. Ra8 {(00:20} b3 {(00:25} 46. Ra7+ {(03:46} Ke6
{(00:13} 47. Ra6+ {(06:10} Kd7 {(00:15} 48. Kf3 {
(01:27} b2 {(00:15} 49. Rxa2 {(00:56} b1=Q {(00:
07} 0-1

[Event "42nd Olympiad Baku 2016 Women"]
[Site "Baku"]
[Date "2016.09.02"]
[Round "1.15"]
[White "Salim-Moussa, Arzy Zahia"]
[Black "Bernales, Christy Lamiel"]
[Result "0-1"]
[ECO "C00"]
[WhiteElo "1403"]
[BlackElo "2065"]
[PlyCount "42"]
[EventDate "2016.??.??"]
[EventCountry "AZE"]
[WhiteTeam "Niederländische Antillen"]
[BlackTeam "Philippinen"]
[WhiteTeamCountry "AHO"]
[BlackTeamCountry "PHI"]
[TimeControl "40/5400+30:1800+30"]
[WhiteClock "0:09:15"]
[BlackClock "0:46:10"]

1. e4 {(00:00} e6 {(00:00} 2. Nf3 {(00:22} d5 {(
00:00} 3. exd5 {(02:07} exd5 {(00:03} 4. d4 {(01:57}
Nf6 {(00:28} 5. Nc3 {(02:16} Bb4 {(07:59} 6. Bg5 {
(05:25} O-O {(02:39} 7. Be2 {(00:45} Be6 {(05:
03} 8. O-O {(04:57} h6 {(04:38} 9. Bxf6 {(06:29} Qxf6
{(00:11} 10. Qd2 {(05:47} Nc6 {(08:13} 11. a3 {(
04:03} Bd6 {(06:36} 12. g3 {(15:27} Rad8 {(02:23} 13.
Bb5 {(05:31} Qxf3 {(00:42} 14. Qd1 {(11:03} Qxd1 {
(03:50} 15. Raxd1 {(01:00} a6 {(00:47} 16. Be2 {
(02:04} Be7 {(01:58} 17. Bf3 {(03:50} Na5 {(03:
58} 18. Be2 {(09:25} Bf6 {(01:47} 19. b4 {(04:37} Nc6
{(00:21} 20. Bd3 {(01:47} Nxd4 {(00:12} 21. f3 {
(02:23} Nxf3+ {(02:32} 0-1

[Event "42nd Olympiad Baku 2016 Women"]
[Site "Baku"]
[Date "2016.09.02"]
[Round "1.23"]
[White "Schnegg, Anna-Lena"]
[Black "Francis, Thapelo"]
[Result "1-0"]
[ECO "C97"]
[WhiteElo "2133"]
[BlackElo "1700"]
[PlyCount "103"]
[EventDate "2016.??.??"]
[EventCountry "AZE"]
[WhiteTeam "Österreich"]
[BlackTeam "Botswana"]
[WhiteTeamCountry "AUT"]
[BlackTeamCountry "BOT"]
[TimeControl "40/5400+30:1800+30"]
[WhiteClock "0:16:31"]
[BlackClock "0:35:41"]

1. e4 {(00:00} e5 {(00:00} 2. Nf3 {(00:00} Nc6 {
(00:00} 3. Bb5 {(00:00} a6 {(00:00} 4. Ba4 {(00:
01} Nf6 {(00:13} 5. O-O {(00:12} Be7 {(00:35} 6. Re1 {
(00:12} b5 {(00:10} 7. Bb3 {(00:06} d6 {(00:09}
8. c3 {(00:06} Na5 {(00:55} 9. Bc2 {(00:37} c5 {
(00:12} 10. d4 {(01:29} Qc7 {(00:14} 11. h3 {(
01:53} O-O {(00:12} 12. Nbd2 {(01:21} c4 {(00:44} 13.
Nf1 {(02:31} Re8 {(04:02} 14. Ne3 {(08:46} Bf8 {
(11:28} 15. Qe2 {(27:37} g6 {(05:23} 16. b4 {(
09:52} Nb7 {(05:19} 17. a4 {(02:20} Bd7 {(01:33} 18.
a5 {(03:26} Bg7 {(03:24} 19. dxe5 {(05:32} dxe5 {
(00:44} 20. Nh2 {(00:54} Bc6 {(02:26} 21. Neg4 {
(01:53} Nxg4 {(12:29} 22. hxg4 {(04:05} Nd8 {(
06:56} 23. Be3 {(02:05} Ne6 {(01:17} 24. g3 {(02:50}
Qe7 {(01:15} 25. Nf3 {(00:48} Qb7 {(02:57} 26. Nd2 {
(07:45} Qc7 {(06:50} 27. Rad1 {(01:53} g5 {(03:
35} 28. Kg2 {(03:53} f6 {(01:02} 29. f3 {(01:17} Kf7 {
(01:45} 30. Rh1 {(01:10} Rh8 {(00:31} 31. Nf1 {(
02:40} h6 {(08:54} 32. Bb6 {(00:31} Qe7 {(00:26} 33.
Ne3 {(00:37} Kg8 {(04:45} 34. Nf5 {(02:55} Qf7 {
(00:48} 35. Rd6 {(02:45} Rc8 {(01:15} 36. Rh5 {(
01:56} Bf8 {(00:39} 37. Rd1 {(00:23} Ng7 {(00:36} 38.
Nxh6+ {(00:33} Rxh6 {(00:45} 39. Rxh6 {(00:07} Ne6 {
(02:43} 40. Rh2 {(00:00} Bb7 {(00:00} 41. Kf2 {(
09:49} Ba8 {(02:48} 42. Ke1 {(00:28} Rc6 {(01:50} 43.
Kd2 {(01:48} Bg7 {(00:49} 44. Kc1 {(00:41} Bb7 {
(01:34} 45. Qd2 {(01:58} Bc8 {(00:38} 46. Be3 {(
01:32} Bf8 {(00:55} 47. Rdh1 {(03:29} Bg7 {(00:15} 48.
f4 {(01:06} exf4 {(00:36} 49. gxf4 {(00:25} gxf4 {
(00:24} 50. Bxf4 {(00:27} Nxf4 {(01:39} 51. Qxf4 {
(00:15} Be6 {(01:10} 52. g5 1-0

[Event "42nd Olympiad Baku 2016 Women"]
[Site "Baku"]
[Date "2016.09.02"]
[Round "1.7"]
[White "Shabanaj, Alda"]
[Black "Gara, Ticia"]
[Result "0-1"]
[ECO "D86"]
[WhiteElo "1881"]
[BlackElo "2379"]
[PlyCount "84"]
[EventDate "2016.??.??"]
[EventCountry "AZE"]
[WhiteTeam "Albanien"]
[BlackTeam "Ungarn"]
[WhiteTeamCountry "ALB"]
[BlackTeamCountry "HUN"]
[TimeControl "40/5400+30:1800+30"]
[WhiteClock "0:35:37"]
[BlackClock "0:21:55"]

1. d4 {(00:00} Nf6 {(00:00} 2. c4 {(00:00} g6 {(
00:00} 3. Nc3 {(00:02} d5 {(00:00} 4. cxd5 {(00:37}
Nxd5 {(00:00} 5. e4 {(00:06} Nxc3 {(00:00} 6. bxc3 {
(00:04} Bg7 {(00:13} 7. Bc4 {(00:26} c5 {(01:05]
} 8. Ne2 {(00:38} O-O {(00:58} 9. O-O {(00:42} Nc6 {
(00:03} 10. Be3 {(05:16} Qc7 {(00:41} 11. Bf4 {(
06:39} e5 {(13:01} 12. dxe5 {(06:44} Nxe5 {(04:16} 13.
Qc2 {(02:31} Qe7 {(10:11} 14. Bd5 {(01:03} Be6 {
(04:14} 15. Rad1 {(03:25} Rfe8 {(05:58} 16. Bxe6 {
(08:32} Qxe6 {(03:06} 17. Rd5 {(01:29} c4 {(11:
49} 18. Nd4 {(04:13} Qg4 {(08:34} 19. Bg3 {(00:21}
Rad8 {(07:41} 20. Rc5 {(06:45} Qd7 {(12:56} 21. Bxe5 {
(17:32} Bxe5 {(00:13} 22. Rxc4 {(00:13} b5 {(03:
34} 23. Rc5 {(00:17} Bxh2+ {(02:13} 24. Kh1 {(01:02}
Re5 {(04:28} 25. Rd5 {(09:48} Rxd5 {(00:14} 26. exd5 {
(00:12} Bc7 {(00:32} 27. Nc6 {(01:11} Qd6 {(02:
34} 28. f4 {(00:11} Re8 {(02:28} 29. Qd3 {(01:37} Qf6
{(00:44} 30. Qh3 {(05:58} Kg7 {(00:50} 31. Nd4 {
(01:30} Re5 {(01:11} 32. Qd7 {(02:21} Re7 {(00:
53} 33. Qh3 {(00:46} Re5 {(00:19} 34. Qd7 {(00:06}
Rh5+ {(00:45} 35. Kg1 {(00:06} Bb6 {(00:11} 36. Qxb5 {
(04:48} Qh4 {(01:16} 37. Qd3 {(01:45} Qh2+ {(00:
23} 38. Kf2 {(00:09} Qxf4+ {(00:23} 39. Ke2 {(01:40}
Re5+ {(00:53} 40. Kd1 {(00:00} Qg4+ {(00:00} 41. Nf3 {
(03:21} Re3 {(08:48} 42. Qd2 {(01:17} Qc4 {(01:
27} 0-1

[Event "42nd Olympiad Baku 2016 Women"]
[Site "Baku"]
[Date "2016.09.02"]
[Round "1.18"]
[White "Shipindo, Rauha"]
[Black "Boric, Elena"]
[Result "0-1"]
[ECO "B03"]
[WhiteElo "1621"]
[BlackElo "2216"]
[PlyCount "68"]
[EventDate "2016.??.??"]
[EventCountry "AZE"]
[WhiteTeam "Namibien"]
[BlackTeam "Bosnien  Herzegowina"]
[WhiteTeamCountry "NAM"]
[BlackTeamCountry "BIH"]
[TimeControl "40/5400+30:1800+30"]
[WhiteClock "0:10:20"]
[BlackClock "0:17:34"]

1. e4 {(00:00} Nf6 {(00:00} 2. e5 {(00:14} Nd5 {
(00:00} 3. d4 {(00:37} d6 {(00:05} 4. f4 {(02:
56} g6 {(05:12} 5. Nf3 {(02:08} Bg7 {(01:09} 6. Bc4 {
(02:57} Nb6 {(07:22} 7. Bb3 {(01:28} O-O {(01:
03} 8. O-O {(00:11} Nc6 {(10:46} 9. a3 {(04:35} Bg4 {
(06:22} 10. Be3 {(11:52} dxe5 {(05:15} 11. fxe5 {
(09:53} Bxf3 {(01:29} 12. Rxf3 {(00:47} Nxe5 {(
01:25} 13. Rf1 {(01:48} Nec4 {(01:40} 14. Bxc4 {(05:52]
} Nxc4 {(00:11} 15. Bf2 {(00:57} Nxb2 {(01:01} 16. Qg4
{(02:38} Nc4 {(03:45} 17. c3 {(02:10} Qd5 {(01:
26} 18. Qe2 {(03:57} e6 {(01:04} 19. Nd2 {(00:48} Nxd2
{(00:23} 20. Qxd2 {(00:04} c5 {(00:53} 21. Rab1 {
(00:41} cxd4 {(01:33} 22. cxd4 {(01:17} Rad8 {(
04:21} 23. Rfd1 {(01:42} Rd7 {(08:48} 24. Qb4 {(11:58}
b6 {(02:34} 25. Rbc1 {(02:14} e5 {(09:44} 26. dxe5 {
(09:00} Qxd1+ {(00:18} 27. Rxd1 {(00:10} Rxd1+ {
(00:02} 28. Be1 {(00:18} a5 {(06:21} 29. Qc3 {(
02:27} Re8 {(00:43} 30. Kf2 {(00:49} Bxe5 {(00:45} 31.
Qc6 {(05:53} Bd4+ {(00:11} 32. Kf3 {(01:21} Rdxe1 {
(00:10} 33. Qd5 {(00:55} R1e3+ {(03:00} 34. Kf2 {
(02:03} Rd3+ {(00:25} 0-1

[Event "42nd Olympiad Baku 2016 Women"]
[Site "Baku"]
[Date "2016.09.02"]
[Round "1.3"]
[White "Sikorova, Olga"]
[Black "Berezovska Svetlana"]
[Result "1-0"]
[ECO "A02"]
[WhiteElo "2234"]
[BlackElo "1794"]
[PlyCount "68"]
[EventDate "2016.??.??"]
[EventCountry "AZE"]
[WhiteTeam "Tschechien"]
[BlackTeam "Monaco"]
[WhiteTeamCountry "CZE"]
[BlackTeamCountry "MNC"]
[TimeControl "40/5400+30:1800+30"]
[WhiteClock "0:01:06"]

1. f4 {(00:00} Nf6 {(00:00} 2. b3 {(00:00} d5 {(
00:48} 3. Nf3 {(01:27} Bg4 {(01:08} 4. e3 {(00:28}
Nbd7 {(01:17} 5. Bb2 {(00:21} e6 {(00:53} 6. Be2 {
(04:17} Be7 {(01:27} 7. Ne5 {(01:06} Bxe2 {(02:
11} 8. Qxe2 {(00:08} O-O {(02:45} 9. O-O {(01:25} Nxe5
{(02:35} 10. fxe5 {(01:04} Ne4 {(01:53} 11. d3 {
(05:02} Nc5 {(02:49} 12. Nd2 {(11:46} Nd7 {(03:
04} 13. Qg4 {(05:38} c5 {(07:38} 14. Rf3 {(06:49} Rc8
{(17:21} 15. c4 {(10:13} Qa5 {(17:27} 16. Rf2 {(
03:59} d4 {(12:33} 17. exd4 {(13:59} cxd4 {(00:26} 18.
Nf3 {(06:22} Rfd8 {(07:53} 19. Bxd4 {(06:21} Nb8 {
(05:26} 20. Qe4 {(13:06} Rxd4 {(01:41} 21. Nxd4 {
(00:06} Bc5 {(00:57} 22. Raf1 {(01:22} Rc7 {(00:
52} 23. Kh1 {(00:47} Rd7 {(02:27} 24. Nf3 {(04:19}
Bxf2 {(00:36} 25. Rxf2 {(00:01} Qc3 {(00:37} 26. h3 {
(01:55} Qxd3 {(01:16} 27. Qf4 {(00:20} Nc6 {(02:
04} 28. Kh2 {(01:06} Qg6 {(01:22} 29. a3 {(00:25} h6 {
(00:31} 30. b4 {(00:15} a6 {(01:04} 31. c5 {(00:
28} Qh5 {(01:03} 32. a4 {(00:29} Rd5 {(01:10} 33. g4 {
(00:38} Qg6 {(00:11} 34. Nh4 {(00:12} Qg5 {(01:
35} 1-0

[Event "42nd Olympiad Baku 2016 Women"]
[Site "Baku"]
[Date "2016.09.02"]
[Round "1.7"]
[White "Silva, Mariana Sofia T"]
[Black "Ushenina, Anna"]
[Result "0-1"]
[ECO "B32"]
[WhiteElo "1789"]
[BlackElo "2457"]
[PlyCount "74"]
[EventDate "2016.??.??"]
[EventCountry "AZE"]
[WhiteTeam "Portugal"]
[BlackTeam "Ukraine"]
[WhiteTeamCountry "POR"]
[BlackTeamCountry "UKR"]
[TimeControl "40/5400+30:1800+30"]
[WhiteClock "0:00:33"]
[BlackClock "0:08:30"]

1. e4 {(00:00} c5 {(00:00} 2. Nf3 {(00:00} Nc6 {
(00:03} 3. d4 {(00:06} cxd4 {(00:02} 4. Nxd4 {(
00:09} e5 {(00:22} 5. Nb5 {(02:20} d6 {(00:11} 6. N1c3
{(01:55} a6 {(02:12} 7. Na3 {(00:11} b5 {(02:01]
} 8. Nd5 {(01:41} Nce7 {(01:47} 9. c4 {(09:51} Nxd5 {
(00:40} 10. cxd5 {(02:22} g6 {(20:58} 11. Be2 {(
09:26} Qh4 {(12:47} 12. Qc2 {(12:36} Bd7 {(01:00} 13.
g3 {(02:13} Qd8 {(00:18} 14. Be3 {(06:21} f5 {(
08:47} 15. exf5 {(21:19} Rc8 {(00:35} 16. Qd1 {(02:59}
Bxf5 {(00:25} 17. Bg4 {(02:52} Bxg4 {(07:42} 18. Qxg4 {
(00:10} Qd7 {(00:02} 19. Qe2 {(03:48} Bg7 {(02:
26} 20. f4 {(05:04} Ne7 {(01:58} 21. Rd1 {(03:47} O-O
{(04:27} 22. O-O {(01:54} Nf5 {(02:38} 23. Bd2 {
(03:33} Qb7 {(07:39} 24. Bb4 {(02:49} a5 {(06:
01} 25. Be1 {(02:00} b4 {(00:18} 26. Nb1 {(01:35} Rfe8
{(00:49} 27. Bf2 {(01:56} exf4 {(00:20} 28. Qd2 {
(00:26} Ne3 {(01:08} 29. Bxe3 {(00:23} fxe3 {(
00:01} 30. Qe2 {(00:18} Bxb2 {(01:51} 31. Rf3 {(00:43}
Rc1 {(02:46} 32. Rff1 {(00:39} Rxd1 {(01:39} 33. Rxd1 {
(00:07} Bg7 {(01:11} 34. Rd3 {(00:50} Qb5 {(03:
59} 35. Kg2 {(00:31} Qxd3 {(00:39} 36. Qxd3 {(00:10}
e2 {(00:03} 37. Qd2 {(00:53} e1=Q {(00:15} 0-1

[Event "42nd Olympiad Baku 2016 Women"]
[Site "Baku"]
[Date "2016.09.02"]
[Round "1.5"]
[White "Silva Rosas, Natalia"]
[Black "Zuriel, Marisa"]
[Result "0-1"]
[ECO "B23"]
[WhiteElo "1812"]
[BlackElo "2272"]
[PlyCount "58"]
[EventDate "2016.??.??"]
[EventCountry "AZE"]
[WhiteTeam "Uruguay"]
[BlackTeam "Argentinien"]
[WhiteTeamCountry "URU"]
[BlackTeamCountry "ARG"]
[TimeControl "40/5400+30:1800+30"]
[WhiteClock "0:33:54"]
[BlackClock "0:03:15"]

1. e4 {(00:00} c5 {(00:00} 2. Nc3 {(00:00} Nc6 {
(00:00} 3. f4 {(00:00} g6 {(00:22} 4. Nf3 {(00:
00} Bg7 {(00:10} 5. g3 {(00:52} d6 {(02:49} 6. d3 {
(02:40} e6 {(00:46} 7. Bg2 {(00:33} Nge7 {(00:
28} 8. O-O {(00:25} O-O {(00:25} 9. g4 {(02:53} f5 {
(05:23} 10. exf5 {(08:35} gxf5 {(01:32} 11. g5 {
(03:15} Nd4 {(14:15} 12. Ne2 {(01:45} Nxf3+ {(
10:38} 13. Rxf3 {(05:29} Bd7 {(05:39} 14. Rh3 {(03:32}
Bc6 {(00:39} 15. Bxc6 {(03:19} Nxc6 {(00:45} 16. Qe1 {
(00:38} Qe8 {(04:11} 17. Qh4 {(03:37} Qg6 {(00:
13} 18. c3 {(00:28} Rae8 {(14:00} 19. Be3 {(02:07} Ne7
{(08:49} 20. Kf2 {(02:53} Nd5 {(04:47} 21. Bd2 {
(00:24} Rf7 {(06:00} 22. Rg1 {(00:33} e5 {(00:
48} 23. Kf1 {(15:43} b5 {(02:16} 24. Qf2 {(01:28} e4 {
(09:23} 25. Rh6 {(06:54} e3 {(00:09} 26. Bxe3 {(
01:11} Nxe3+ {(00:09} 27. Ke1 {(00:05} Bxh6 {(00:34}
28. gxh6 {(00:12} Ng4 {(00:09} 29. Qh4 {(01:05} Qe6 {
(05:56} 0-1

[Event "42nd Olympiad Baku 2016 Women"]
[Site "Baku"]
[Date "2016.09.02"]
[Round "1.20"]
[White "Sivarajasingam, Venetia"]
[Black "Isgandarova, Khayala"]
[Result "0-1"]
[ECO "C02"]
[WhiteElo "1631"]
[BlackElo "2188"]
[PlyCount "94"]
[EventDate "2016.??.??"]
[EventCountry "AZE"]
[WhiteTeam "Wales"]
[BlackTeam "Türkei"]
[WhiteTeamCountry "WLS"]
[BlackTeamCountry "TUR"]
[TimeControl "40/5400+30:1800+30"]
[WhiteClock "0:25:57"]
[BlackClock "0:30:07"]

1. e4 {(00:00} e6 {(00:00} 2. d4 {(00:00} d5 {(
00:00} 3. e5 {(00:00} c5 {(00:01} 4. c3 {(00:00} Nc6 {
(00:33} 5. Nf3 {(00:34} Qb6 {(00:13} 6. a3 {(00:
26} c4 {(00:27} 7. Nbd2 {(00:17} Na5 {(00:36} 8. Be2 {
(00:38} Bd7 {(00:06} 9. Rb1 {(00:12} Qc7 {(01:
32} 10. O-O {(02:05} Ne7 {(00:36} 11. Re1 {(02:36} h6
{(00:09} 12. Nf1 {(02:16} Nc8 {(01:15} 13. N3d2 {
(06:18} Nb6 {(01:54} 14. f4 {(05:45} Ba4 {(02:
15} 15. b3 {(01:41} cxb3 {(12:51} 16. Bb2 {(06:50} a6
{(12:56} 17. Bd3 {(01:15} Nac4 {(03:25} 18. Nxc4 {
(02:01} dxc4 {(00:21} 19. Be4 {(01:03} Bc6 {(00:
08} 20. g4 {(08:20} Bxe4 {(02:10} 21. Rxe4 {(00:23}
O-O-O {(01:16} 22. f5 {(02:26} Be7 {(09:09} 23. Ng3 {
(02:08} Nd5 {(02:44} 24. Qf3 {(09:14} Bg5 {(12:
31} 25. h3 {(13:09} Rhf8 {(02:07} 26. a4 {(04:20} Qa5
{(03:22} 27. Ra1 {(01:37} Be7 {(06:58} 28. Qe2 {
(05:07} b5 {(01:24} 29. axb5 {(00:49} Qxb5 {(00:
03} 30. Qf3 {(02:30} a5 {(00:31} 31. Ree1 {(03:01} a4
{(11:58} 32. Ne4 {(01:46} Kb8 {(07:43} 33. Nd6 {
(01:32} Bxd6 {(00:11} 34. exd6 {(00:14} Qc6 {(
01:19} 35. Ba3 {(03:28} Rfe8 {(01:49} 36. Qg3 {(01:32}
Rd7 {(00:17} 37. fxe6 {(01:24} fxe6 {(00:08} 38. Rab1 {
(02:01} Kb7 {(00:07} 39. Rb2 {(01:04} g5 {(00:
08} 40. Rbe2 {(00:00} Nf4 {(00:00} 41. Re3 {(02:36}
Rf7 {(03:23} 42. Kh2 {(04:37} Nd3 {(02:57} 43. R1e2 {
(01:34} Rf1 {(00:25} 44. Qg2 {(03:59} Qxg2+ {(
00:29} 45. Rxg2 {(01:49} Ra1 {(00:30} 46. Rxe6 {(01:50]
} Rxe6 {(00:21} 47. d7 {(01:06} Kc7 {(00:05} 0-1

[Event "42nd Olympiad Baku 2016 Women"]
[Site "Baku"]
[Date "2016.09.02"]
[Round "1.8"]
[White "Smith, Annesha"]
[Black "Voiska, Margarita"]
[Result "0-1"]
[ECO "A43"]
[WhiteElo "1770"]
[BlackElo "2290"]
[PlyCount "48"]
[EventDate "2016.??.??"]
[EventCountry "AZE"]
[WhiteTeam "Jamaika"]
[BlackTeam "Bulgarien"]
[WhiteTeamCountry "JAM"]
[BlackTeamCountry "BUL"]
[TimeControl "40/5400+30:1800+30"]
[WhiteClock "0:33:36"]
[BlackClock "0:27:58"]

1. d4 {(00:00} Nf6 {(00:00} 2. Nf3 {(00:00} c5 {
(00:10} 3. d5 {(00:06} e6 {(00:33} 4. c4 {(00:
15} exd5 {(00:36} 5. cxd5 {(00:12} Bd6 {(00:39} 6. Nc3
{(02:03} Bc7 {(02:53} 7. Bg5 {(03:28} d6 {(03:
26} 8. e3 {(04:13} a6 {(01:03} 9. Bd3 {(00:50} Nbd7 {
(02:40} 10. a4 {(02:16} h6 {(01:02} 11. Bh4 {(
00:17} O-O {(05:52} 12. O-O {(00:55} Rb8 {(02:21} 13.
Rc1 {(04:35} Re8 {(05:47} 14. Ne4 {(04:11} g5 {(
12:59} 15. Nfxg5 {(18:06} Nxe4 {(13:22} 16. Nxe4 {(16:
20} Qxh4 {(01:06} 17. g3 {(02:05} Qe7 {(06:48} 18.
Qg4+ {(01:40} Kf8 {(01:39} 19. Qh5 {(00:39} Qe5 {
(06:21} 20. Qxh6+ {(00:47} Qg7 {(00:11} 21. Qh4 {
(00:17} Ne5 {(01:24} 22. Be2 {(01:29} Ng6 {(00:
32} 23. Qh5 {(03:04} Rxe4 {(00:39} 24. Bd3 {(00:36}
Bg4 {(01:59} 0-1

[Event "42nd Olympiad Baku 2016 Women"]
[Site "Baku"]
[Date "2016.09.02"]
[Round "1.32"]
[White "Song, Estella"]
[Black "De Seroux, Camille"]
[Result "0-1"]
[ECO "B22"]
[WhiteElo "1544"]
[BlackElo "2101"]
[PlyCount "124"]
[EventDate "2016.??.??"]
[EventCountry "AZE"]
[WhiteTeam "Hongkong"]
[BlackTeam "Schweiz"]
[WhiteTeamCountry "HKG"]
[BlackTeamCountry "SUI"]
[TimeControl "40/5400+30:1800+30"]
[WhiteClock "0:36:16"]
[BlackClock "0:21:16"]

1. e4 {(00:00} c5 {(00:00} 2. c3 {(00:00} Nf6 {(
00:00} 3. e5 {(00:00} Nd5 {(00:00} 4. Nf3 {(01:29} Nc6
{(00:08} 5. Qb3 {(01:19} e6 {(02:01} 6. Bb5 {(
04:15} Qc7 {(04:36} 7. Bxc6 {(01:30} Qxc6 {(02:06} 8.
d3 {(01:57} d6 {(08:01} 9. c4 {(04:12} Nb6 {(03:
13} 10. Bf4 {(07:30} Nd7 {(04:34} 11. exd6 {(05:41}
Bxd6 {(00:26} 12. Bxd6 {(00:35} Qxd6 {(00:09} 13. Qc3 {
(01:23} O-O {(02:33} 14. d4 {(04:33} b6 {(04:04]
} 15. Na3 {(02:39} Bb7 {(01:47} 16. Nb5 {(09:20} Qf4 {
(09:14} 17. Rd1 {(07:40} Rfd8 {(06:15} 18. Ke2 {
(07:27} a6 {(04:42} 19. Na3 {(00:22} Rac8 {(00:
38} 20. Qe3 {(01:49} Qf6 {(03:05} 21. Ne1 {(03:38}
cxd4 {(03:07} 22. Rxd4 {(02:21} Nc5 {(03:10} 23. Nac2 {
(03:25} e5 {(09:23} 24. Rg4 {(01:18} e4 {(09:01]
} 25. b3 {(04:47} Nd3 {(01:45} 26. Kf1 {(01:04} Rc5 {
(03:02} 27. f4 {(06:10} h5 {(04:25} 28. Rg3 {(
00:52} Nxf4 {(00:46} 29. Kg1 {(00:32} Rf5 {(02:07} 30.
h3 {(01:46} h4 {(01:54} 31. Rg4 {(00:31} Nh5 {(
00:21} 32. Kh2 {(02:03} Ng3 {(01:03} 33. Rxg3 {(00:16}
hxg3+ {(00:47} 34. Qxg3 {(00:12} Qe5 {(00:53} 35. Ne3 {
(00:45} Rg5 {(01:50} 36. Qxe5 {(00:25} Rxe5 {(
00:07} 37. N1c2 {(00:16} Rd2 38. Rf1 {(00:31} Rg5 {(04:
20} 39. Rg1 {(03:26} Rg6 {(01:07} 40. Nb4 {(00:00} a5
{(00:00} 41. Nbd5 {(01:09} Bxd5 {(06:08} 42. Nxd5 {
(00:09} Re6 {(00:30} 43. a3 {(05:46} e3 {(01:37]
} 44. Re1 {(00:30} e2 {(01:00} 45. Nf4 {(00:51} Re4 {
(00:22} 46. Kg3 {(00:28} Re3+ {(02:15} 47. Kf2 {
(00:40} Rxb3 {(00:15} 48. Nxe2 {(00:16} Rxa3 {(
00:33} 49. Kf1 {(00:45} Re3 {(00:52} 50. Kf2 {(00:25}
Re4 {(01:39} 51. Kf3 {(00:21} Rxc4 {(01:17} 52. Nf4 {
(01:10} Rxf4+ {(01:10} 53. Kxf4 {(00:10} Rxg2 {(
00:06} 54. Re8+ {(00:08} Kh7 {(00:04} 55. Re7 {(00:23}
Kg6 {(00:44} 56. Re5 {(00:15} Rb2 {(01:05} 57. Rd5 {
(00:32} a4 {(00:26} 58. Ke4 {(00:27} b5 {(01:05]
} 59. Kd3 {(00:44} b4 {(00:59} 60. Ra5 {(00:14} a3 {
(00:25} 61. Kc4 {(00:51} a2 {(00:21} 62. Ra3 {(
00:31} bxa3 {(00:11} 0-1